woodfighter, chaotic female orcish Cavewoman --- ----- ---- ---- --.-- |...| |..| ---..| ---- ------...| |...--- --..| |....| ----..| |........| ---...| --- |...| ---.---- |.....-- --.......-- ---.--- ---- --.-----------.-------...| --- --.....| |........| |...-------<.| --....||...--...|--.......---.-- |...|.-- ----........| ---..--..%...-- |.....--......----.............| ---.----- --.|.........| |..)........| |-............||......|..--...-- |...| |............---- --.|..---...---....O........--......|----...| ---.--- --..............| ------ |....).----................-----....| |...| |..............-- --......----................| |.....----.--- --..............---- --...............^......^...-- |.....||...| |.................----- |...).-------....--.|.......| ---...--.--- |...--.........[....|.-- |...--- |.......-----^.....| |.....*|------- --..||...^.............---..-------........----....---------.....|.--...--- -----..%...|..........[.*...........V@..........`.........%..............-- |.....----.....--.......----------..........------------...............| |.....| --....|---.--..| --........`| |..---..........| ---.--- --.--- -----.| --........| ---- |.......---- --- --- --- --.---.--- --..|..-- --- --- ------- woodfighter the Young Cave Woman Experience level: 9 Strength: 18/03 Dexterity: 15 Constitution: 17 Intelligence: 7 Wisdom: 8 Charisma: 8 Health: 0(69) Energy: 27(27) Def: 11 Gold: 27 Moves: 10256 Dungeon seed: NmynGBwNTzldJcJA Game ID: woodfighter_1499166302 Your Inventory: Coins $ - 27 gold pieces Weapons a - a blessed +1 club (weapon in hand) b - a +2 sling (alternate weapon; not wielded) Armor d - an uncursed +0 small shield (being worn) n - an uncursed very rusty +0 helmet (being worn) r - an uncursed +1 dwarvish cloak (being worn) z - an uncursed +0 pair of iron shoes (being worn) N - a cursed -1 dwarvish cloak V - a blessed +0 dwarvish mithril-coat (being worn) Y - an uncursed +0 pair of leather gloves (being worn) Comestibles j - 3 uncursed carrots l - an uncursed sprig of wolfsbane K - an uncursed red, white, and blue lollipop T - an uncursed food ration X - an uncursed tripe ration Z - an uncursed lizard corpse Wands o - a wand of striking (0:3) H - a blessed wand of digging (0:3) Q - a wand of striking (0:7) Tools f - an uncursed towel p - a +0 pick-axe q - a +0 unicorn horn s - an uncursed bag of holding x - 7 uncursed tallow candles (0:200) y - an uncursed skeleton key Gems c - an uncursed luckstone e - 6 uncursed flints (in quiver) Contents of the bag of holding: an uncursed lizard corpse a [uncursed] scroll of remove curse a [uncursed] scroll of teleportation a [blessed] potion of hallucination an uncursed can of grease [0:7] Spells and supernatural/magical abilities: Name Level Category Fail Memory W - pray for help -- divine ? -- Your skills at the end: Miscellaneous Skills bare handed combat [Basic] shield [Basic] Weapon Skills scimitar [Basic] club [Skilled] sling [Basic] Spellcasting Skills Final Attributes: You were piously aligned. You were poison resistant. Your writing hand was ok. You were telepathic. You had infravision. You were very stealthy. You were fast. You were lucky. You had extra luck. Bad luck did not time out for you. Good luck did not time out for you. You are dead (2nd time!). Vanquished creatures: 3 giant mimics a large mimic an ettin mummy a large dog a flaming sphere a shocking sphere a dwarf king a chameleon 3 wolves a quivering blob 2 lizards 3 giant spiders an ice vortex a gnome king a brown pudding 3 dogs a housecat 3 dwarf lords a white unicorn a gnome mummy 3 apes a human zombie a bugbear a wood nymph 2 Mordor orcs an Uruk-hai 3 rock moles 3 rock piercers a pony 2 violet fungi 12 gnome lords 7 gnomish wizards a golden naga hatchling a ghoul 2 straw golems 2 giant ants 2 puppies 3 floating eyes a kitten 15 dwarves a kobold lord 2 kobold shamans 5 iguanas 8 rothes a rabid rat 2 centipedes 3 jitterbugs a giant bat a monkey an orc zombie 3 dwarf zombies 2 wererats 2 werejackals 4 killer bees 3 coyotes 4 gas spores 6 hobbits 3 acid blobs 2 large kobolds 5 geckos a hobgoblin 10 giant rats 4 cave spiders 2 brown molds a yellow mold a green mold 3 red molds 52 gnomes 6 garter snakes 3 manes a gnome zombie 10 jackals 4 foxes 2 kobolds 6 newts 2 goblins 9 sewer rats 6 grid bugs 4 bats 13 lichens 3 kobold zombies 297 creatures vanquished. Voluntary challenges: You did not cause conflict. You were not invisible. You did not have reflection. You were not displaced. You had been an atheist until turn 2926. You used a wielded weapon 482 times, starting on turn 5. You did not apply a unicorn horn. You did not use plumbed fixtures. You did not drink any magical draughts. You read items or engraved 4 times, starting on turn 2925. You never genocided any monsters. You never polymorphed an object. You never changed form. You completed Sokoban on turn 5796, according to the rules. You used no wishes. You never split a pudding. You never wrote Elbereth's name. You never violated your personal moral code. Dungeon overview: The Dungeons of Doom: levels 1 to 8 Level 1 a long staircase Level 2 (bones?) a scroll shop stairs to The Gnomish Mines Level 3 Level 4 a scroll shop, a fountain Level 5 (locked) a delicatessen, a fountain Level 6 many fountains Level 7 stairs to Sokoban Level 8 The Gnomish Mines: levels 3 to 10 Level 3 stairs to The Dungeons of Doom Level 4 Level 5 (unicorn) Level 6 many shops, a temple to Ishtar, a magic chest, some fountains Level 7 Level 8 Level 9 <- You were here Level 10 Sokoban: levels 3 to 6 Level 3 a magic chest Level 4 Level 5 Level 6 an altar to Anshar, a magic chest stairs to The Dungeons of Doom History has recorded: On T:1 you entered the Dungeons of Doom to retrieve the Amulet of Yendor! On T:82 you reached level 2 of The Dungeons of Doom. On T:564 you reached level 1 of The Gnomish Mines. On T:720 you advanced to experience level 2. On T:893 you reached level 3 of The Dungeons of Doom. On T:1022 you reached level 4 of The Dungeons of Doom. On T:1028 you advanced to experience level 3. On T:1311 you reached level 5 of The Dungeons of Doom. On T:1734 you reached level 6 of The Dungeons of Doom. On T:1835 you advanced to experience level 4. On T:2180 you advanced to experience level 5. On T:2451 you reached level 7 of The Dungeons of Doom. On T:2667 you reached level 8 of The Dungeons of Doom. On T:2784 you advanced to experience level 6. On T:2802 you reached level 4 of Sokoban. On T:2922 you opened a magic chest. On T:3242 you reached level 3 of Sokoban. On T:3963 you reached level 2 of Sokoban. On T:4625 you reached level 1 of Sokoban. On T:4880 you advanced to experience level 7. On T:5796 you advanced to experience level 8. On T:5796 you entered the Sokoban zoo. On T:6257 you reached level 2 of The Gnomish Mines. On T:7267 you reached level 3 of The Gnomish Mines. On T:7491 you reached level 4 of The Gnomish Mines. On T:7574 you reached level 5 of The Gnomish Mines. On T:7774 you entered the Minetown temple On T:8255 you advanced to experience level 9. On T:8840 you reached level 6 of The Gnomish Mines. On T:8889 you reached level 7 of The Gnomish Mines. On T:8917 you prayed to Anshar. On T:9247 you reached level 8 of The Gnomish Mines. On T:9247 you reached the bottom of the Mines. On T:9856 you were saved from death by your amulet of life saving! Score breakdown: Gold: 27 ( 2 points) Experience: 9 levels ( 800 points) Exploration: 10 levels ( 270 points) Discoveries: 28 items ( 1400 points) Variety of kills: 81 monsters ( 2000 points) Major goal: Sokoban/Mines ( 1500 points) Survival: died (score multiplied by 3) Total score: 17916 Latest messages: You duck some of the blast. e - an uncursed flint (in quiver). Nowhere else around here can be automatically explored. Where do you want to travel to? You hit the kobold mummy! The ettin mummy scratches you! The ettin mummy misses. The vampire scratches you! The vampire bites! The vampire scratches you! The vampire bites! You hit the vampire! The vampire scratches you! The vampire bites! You hit the vampire! The vampire scratches you! The vampire bites! You hit the vampire! (2x) The vampire scratches you! The vampire bites! The vampire scratches you! The vampire bites! You hit the vampire! The vampire scratches you! The vampire bites! You die... Final status: Goodbye woodfighter the Cavewoman, killed by a vampire... You died in The Gnomish Mines on dungeon level 9 with 17916 points, and 27 pieces of gold, after 10256 moves. You were level 9 with a maximum of 69 hit points when you died.